Map: Frost LE

Players

Miszu

  • Race: Zerg Zerg
  • League: Master

pressure - Winner!

  • Race: Protoss Protoss
  • League: Master

VOD

Have the link to the VOD?

Description

Time

  • Played on: June 26, 2016, 8:40 a.m.
  • Length: 10:10
Show
View Real Time Build Order
Export as new Build Order

Miszu Zerg 

Build Orders: Hatch First 

Get SALT Encoding   

  12  0:01  Drone  
  13  0:13  Overlord  
  13  0:22  Drone  
  14  0:31  Drone x2  
  16  0:42  Drone  
  17  0:48  Drone  
  18  0:56  Hatchery  
  17  0:59  Drone  
  18  1:04  Extractor  
  17  1:16  Spawning Pool  
  16  1:19  Drone  
  16  1:24  Drone  
  18  1:29  Overlord  
  18  1:39  Drone  
  19  1:52  Drone  
  20  2:01  Drone  
  21  2:02  Queen  
  23  2:08  Queen  
  23  2:10  Zergling x2  
  23  2:12  Zergling x2  
  27  2:17  Metabolic Boost  
  27  2:19  Zergling x2  
  28  2:23  Drone  
  29  2:30  Drone  
  29  2:34  Drone  
  31  2:46  Drone x2  
  33  2:53  Overlord  
  33  3:00  Hatchery  
  32  3:08  Drone x3  
  32  3:11  Spore Crawler  
  34  3:18  Spore Crawler  
  32  3:22  Spore Crawler  
  32  3:26  Drone  
  31  3:27  Drone x3  
  33  3:38  Overlord  
  33  3:40  Drone x4  
  39  3:42  Drone  
  39  3:45  Pneumatized Carapace  
  40  4:05  Overlord  
  40  4:06  Lair  
  40  4:07  Extractor  
  40  4:08  Extractor  
  40  4:09  Drone x7  
  44  4:11  Drone  
  45  4:20  Queen  
  47  4:28  Evolution Chamber  
  47  4:29  Baneling Nest  
  47  4:30  Drone  
  47  4:31  Drone  
  47  4:32  Evolution Chamber  
  47  4:36  Zergling x6  
  47  4:38  Zergling x2  
  50  4:41  Zergling x2  
  50  4:42  Zergling x2  
  50  4:44  Zergling x2  
  53  4:47  Zergling x2  
  53  4:48  Zergling x2  
  53  4:50  Zergling x2  
  53  4:52  Zergling x2  
  56  5:00  Zergling x8  
  56  5:05  Drone x3  
  63  5:08  Drone  
  63  5:09  Drone  
  64  5:14  Drone  
  64  5:15  Drone  
  66  5:23  Overlord, Extractor, Hydralisk Den  
  64  5:29  Zerg Missile Weapons Level 1  
  64  5:30  Zerg Ground Armor Level 1  
  64  5:33  Drone  
  65  5:40  Drone x2  
  65  5:48  Drone x7  
  72  5:53  Lurker Den  
  72  5:58  Drone  
  67  6:25  Drone x2  
  69  6:26  Drone  
  69  6:27  Drone x2  
  69  6:28  Drone  
  73  6:33  Extractor  
  73  6:37  Hydralisk  
  74  6:40  Overlord x7  
  67  7:05  Hydralisk  
  67  7:06  Hydralisk x8  
  81  7:16  Hydralisk x4  
  84  7:37  Hydralisk  
  84  7:38  Drone x8  
  84  7:39  Drone x3  
  97  7:44  Zerg Missile Weapons Level 2  
  97  7:47  Zerg Ground Armor Level 2  
  97  7:53  Muscular Augments  
  97  8:00  Extractor  
  96  8:06  Zergling x18  
  105  8:17  Hydralisk  
  105  8:19  Hatchery  
  106  8:23  Hydralisk  
  106  8:25  Lurker x2  
  106  8:26  Lurker  
  111  8:27  Baneling  
  111  8:28  Baneling  
  111  8:29  Zergling x6  
  111  8:32  Zergling x4  
  116  8:38  Hydralisk  
  116  8:39  Hydralisk x2  
  122  8:42  Zergling x2  
  122  8:43  Zergling x2  
  121  8:53  Hydralisk  
  121  8:54  Hydralisk x4  
  117  9:03  Hydralisk  
  117  9:04  Hydralisk x2  
  112  9:25  Drone x2  
  112  9:26  Drone x2  
  112  9:27  Drone x2  
  112  9:30  Hydralisk  
  120  9:33  Drone x3  
  120  9:35  Drone  
  124  9:39  Drone x2  
Show
View Real Time Build Order
Export as new Build Order

pressure Protoss - Winner!

Build Orders: 1 Gate Expand 

Get SALT Encoding   

  12  0:01  Probe (Chrono Boost)  
  13  0:11  Probe (Chrono Boost)  
  14  0:17  Pylon  
  14  0:22  Probe (Chrono Boost)  
  16  0:35  Probe (Chrono Boost)  
  16  0:39  Gateway  
  16  0:46  Probe (Chrono Boost)  
  16  0:48  Assimilator  
  17  0:56  Probe (Chrono Boost)  
  18  1:07  Probe (Chrono Boost)  
  19  1:24  Nexus  
  19  1:34  Cybernetics Core  
  19  1:39  Probe (Chrono Boost)  
  20  1:44  Assimilator  
  20  1:49  Probe (Chrono Boost)  
  21  1:56  Pylon  
  21  2:00  Probe (Chrono Boost)  
  22  2:10  Probe (Chrono Boost)  
  22  2:14  Adept (Chrono Boost), Warp Gate (Chrono Boost)  
  25  2:22  Probe  
  26  2:34  Probe  
  26  2:35  Probe  
  28  2:39  Adept  
  30  2:44  Gateway  
  30  2:46  Probe x2  
  32  2:57  Gateway  
  31  2:59  Probe  
  31  3:00  Probe  
  33  3:11  Probe x2  
  34  3:18  Sentry  
  37  3:22  Probe (Chrono Boost)  
  37  3:23  Probe (Chrono Boost)  
  38  3:34  Probe (Chrono Boost)  
  38  3:35  Probe (Chrono Boost)  
  38  3:36  Twilight Council  
  38  3:38  Robotics Facility  
  39  3:43  Probe (Chrono Boost)  
  39  3:46  Mothership Core (Chrono Boost), Assimilator  
  42  3:53  Probe  
  43  3:56  Pylon  
  43  4:04  Probe  
  43  4:07  Probe  
  43  4:09  Pylon  
  45  4:14  Probe, Resonating Glaives (Chrono Boost)  
  46  4:19  Probe  
  46  4:21  Adept x3  
  53  4:25  Probe  
  53  4:27  Warp Prism (Chrono Boost)  
  53  4:31  Probe  
  57  4:35  Probe  
  57  4:36  Pylon  
  58  4:43  Probe  
  59  4:49  Probe  
  60  4:53  Nexus  
  60  4:56  Pylon  
  60  5:04  Immortal (Chrono Boost)  
  64  5:13  Probe  
  65  5:14  Probe  
  65  5:18  Pylon  
  65  5:20  Gateway  
  60  5:22  Gateway  
  60  5:26  Adept, Pylon  
  60  5:27  Adept  
  64  5:31  Adept  
  66  5:36  Probe  
  66  5:37  Probe  
  67  5:48  Probe  
  68  5:51  Adept x2, Probe  
  68  5:52  Adept  
  75  6:14  Probe  
  75  6:15  Probe  
  75  6:16  Adept x3  
  75  6:18  Probe  
  83  6:24  Probe  
  84  6:26  Assimilator  
  84  6:27  Probe  
  84  6:28  Blink  
  84  6:29  Observer (Chrono Boost)  
  84  6:31  Adept x2  
  91  6:34  Probe  
  91  6:37  Probe  
  93  6:41  Forge  
  93  6:42  Probe  
  93  6:45  Stalker x2  
  93  6:46  Stalker  
  100  7:00  Stalker x2  
  104  7:01  Probe  
  104  7:02  Probe  
  104  7:04  Pylon  
  104  7:05  Probe  
  104  7:07  Pylon  
  107  7:10  Pylon, Assimilator  
  107  7:12  Pylon, Assimilator  
  107  7:13  Probe  
  106  7:33  Pylon  
  106  7:34  Stalker x5  
  108  7:39  Probe x2  
  108  7:41  Probe  
  108  7:43  Protoss Ground Weapons Level 1 (Chrono Boost)  
  112  7:51  Probe  
  112  7:53  Probe  
  112  7:57  Robotics Facility  
  112  7:58  Robotics Bay  
  113  7:59  Immortal (Chrono Boost)  
  113  8:02  Stalker  
  113  8:03  Stalker x2  
  123  8:09  Sentry x2  
  123  8:11  Probe  
  123  8:12  Probe  
  127  8:13  Probe  
  130  8:24  Pylon  
  130  8:27  Adept x3  
  134  8:29  Immortal  
  134  8:34  Gateway  
  136  8:37  Gateway  
  140  9:01  Adept x3  
  140  9:02  Adept x2, Disruptor  
  148  9:03  Disruptor  
  152  9:21  Probe  
  152  9:22  Probe  
  152  9:23  Probe  
  145  9:24  Nexus  
  145  9:27  Pylon  
  141  9:33  Templar Archives  
  141  9:37  Sentry x3  
  141  9:38  Sentry, Pylon  
  130  10:03  Adept x5  
Tags
 
Add a new tag
Caveats
  • Supply blocks, unpowered buildings, or Contaminate may cause inaccurate times.
  • Supply counts are checked every 10 seconds.